Map: Lost and Found LE

Players

lllllllllll

  • Race: Terran Terran
  • League: Master
  • Spawn Location: 7:00

NORTHAMERICA - Winner!

  • Race: Protoss Protoss
  • League: Grandmaster
  • Spawn Location: 1:00

VOD

Have the link to the VOD?

Description

Time

  • Played on: Nov. 8, 2018, 4:42 a.m.
  • Length: 19:18
Show
View Real Time Build Order
Export as new Build Order

lllllllllll Terran 

Build Orders:  

Get SALT Encoding   

  12  0:00  SCV  
  13  0:12  SCV  
  14  0:16  Supply Depot  
  14  0:25  SCV  
  15  0:38  SCV  
  15  0:42  Barracks  
  16  0:46  Refinery  
  16  0:50  SCV  
  17  1:02  SCV  
  17  1:03  Refinery  
  18  1:14  SCV  
  19  1:29  Orbital Command, Reaper  
  20  1:41  Supply Depot  
  20  1:50  Factory  
  20  1:55  SCV  
  21  2:07  SCV  
  22  2:14  Supply Depot  
  22  2:19  SCV  
  23  2:32  SCV  
  23  2:35  Factory Reactor  
  24  2:43  Command Center  
  24  2:50  Starport  
  24  2:55  SCV  
  25  2:59  Supply Depot  
  25  3:07  SCV  
  25  3:12  Widow Mine x2  
  30  3:16  Barracks Reactor  
  30  3:20  SCV  
  30  3:26  Medivac  
  33  3:33  Widow Mine  
  33  3:34  Widow Mine  
  37  3:41  SCV  
  38  3:52  Marine  
  38  3:53  Marine  
  38  3:55  Widow Mine x2  
  44  3:57  SCV  
  45  4:04  Viking  
  45  4:09  SCV  
  48  4:10  Marine x2  
  50  4:17  Hellion  
  50  4:21  SCV  
  50  4:24  Orbital Command  
  53  4:29  Marine x2  
  49  4:46  Medivac, Widow Mine x2  
  49  4:52  Marine x2  
  57  4:59  SCV  
  59  5:00  SCV  
  59  5:07  Supply Depot, Barracks  
  59  5:08  Barracks  
  59  5:09  Widow Mine  
  61  5:16  Barracks Tech Lab  
  61  5:18  Supply Depot  
  61  5:19  Engineering Bay  
  61  5:26  SCV  
  62  5:28  SCV  
  62  5:29  Supply Depot  
  62  5:33  Widow Mine x2  
  62  5:34  Medivac  
  68  5:44  Marine, Stimpack  
  69  5:52  Terran Infantry Weapons Level 1  
  69  5:54  Widow Mine x2, Refinery x2  
  69  5:56  Supply Depot  
  73  5:58  SCV x2  
  73  6:01  Marine  
  76  6:13  SCV x2  
  76  6:18  Widow Mine  
  76  6:19  Widow Mine, Starport Reactor  
  76  6:20  Barracks Tech Lab  
  76  6:25  Supply Depot, SCV x2  
  73  6:27  Marine  
  73  6:28  Marine, Marauder  
  78  6:37  SCV  
  78  6:38  SCV  
  78  6:39  Combat Shield  
  82  6:40  Marauder  
  82  6:45  Marine x2  
  84  6:49  Marauder, SCV  
  84  6:50  SCV  
  84  6:52  Supply Depot  
  84  6:53  Supply Depot  
  90  6:54  Widow Mine x2  
  90  6:55  Medivac  
  90  6:56  Medivac  
  96  7:09  Marine x2  
  96  7:10  Marauder  
  96  7:11  Marauder  
  104  7:15  Supply Depot  
  104  7:16  Widow Mine x2  
  106  7:22  Supply Depot  
  106  7:31  Marine x2, Marauder  
  106  7:32  Medivac x2, Marauder  
  116  7:50  Terran Infantry Armor Level 1, Concussive Shells  
  116  7:53  SCV x2  
  116  7:55  Command Center  
  118  8:02  Marine x2, Marauder x2  
  120  8:20  Marine  
  120  8:24  Marauder x2, Marine  
  123  8:34  Liberator x2  
  123  8:38  Marine  
  119  8:42  Marine  
  119  8:45  Marauder x2  
  119  8:54  Widow Mine x2  
  129  8:55  Marine  
  129  8:56  SCV  
  131  9:05  Supply Depot x2  
  131  9:06  Marauder  
  131  9:08  Supply Depot  
  133  9:20  Barracks  
  133  9:21  Barracks  
  133  9:23  Missile Turret  
  133  9:24  Missile Turret  
  133  9:25  Marine  
  133  9:26  Marine, Marauder  
  133  9:28  Marauder  
  121  9:43  Marine  
  121  9:44  Marine  
  107  9:48  Marauder  
  107  9:49  Marauder  
  103  10:01  Marine  
  103  10:02  Marine  
  101  10:07  Orbital Command  
  101  10:09  Marauder, SCV x2  
  101  10:11  Marauder  
  107  10:15  Barracks Reactor, Barracks Tech Lab  
  107  10:16  Medivac  
  107  10:17  Medivac  
  107  10:19  Marine x2  
  113  10:21  SCV x2  
  113  10:25  Engineering Bay  
  113  10:28  Armory  
  115  10:31  Marauder  
  115  10:32  Marauder  
  119  10:37  Marine x2  
  119  10:42  Marauder  
  123  10:43  Widow Mine x2  
  123  10:48  SCV x3  
  130  10:52  Marauder  
  130  10:53  Marauder  
  130  10:54  Marine x3  
  130  10:55  Marine  
  130  10:56  Liberator x2  
  138  11:04  Marauder  
  133  11:12  Marine x3  
  133  11:13  Marine, Marauder, Widow Mine x2  
  133  11:15  Marauder  
  146  11:23  SCV x3  
  146  11:25  Marauder  
  148  11:31  Marine x4  
  152  11:35  Marauder  
  152  11:36  Marauder  
  153  11:46  Marauder  
  155  11:48  Marine  
  155  11:49  Marine x3  
  155  11:50  Widow Mine  
  152  11:56  Marauder  
  152  11:58  Marauder  
  152  12:00  SCV x3  
  157  12:01  Terran Infantry Weapons Level 2  
  157  12:02  Refinery x2  
  157  12:06  Marine x2  
  157  12:07  Terran Infantry Armor Level 2  
  157  12:08  Marauder  
  161  12:11  Terran Ship Weapons Level 1  
  161  12:16  Liberator  
  161  12:17  Marauder, Liberator  
  161  12:19  Marauder  
  160  12:29  Marauder  
  160  12:39  Marauder  
  160  12:40  Marauder  
  140  12:45  SCV x3  
  140  12:46  Marine  
  140  12:47  Marine x2  
  140  12:50  Marauder  
  146  12:52  Starport  
  146  12:54  Fusion Core  
  145  13:00  Marauder  
  145  13:01  Marine  
  145  13:02  Marauder  
  145  13:04  Marine x2  
  145  13:05  Marine  
  153  13:12  Marauder  
  155  13:13  Factory Tech Lab, SCV x3  
  155  13:19  Marine  
  159  13:21  Command Center  
  159  13:22  Marauder  
  159  13:25  Sensor Tower  
  159  13:26  Missile Turret  
  161  13:29  Orbital Command  
  158  13:35  Marine x3, Marauder x2  
  148  13:43  Marauder  
  116  13:50  SCV x2  
  116  13:51  Marine  
  116  13:53  Marine x2  
  116  13:55  Marine  
  118  13:57  Marauder x2  
  118  14:02  SCV  
  107  14:04  Marauder  
  107  14:09  Marine  
  105  14:10  Marine  
  105  14:11  Marine  
  105  14:12  Marine  
  104  14:18  Marauder  
  104  14:23  SCV x2  
  104  14:24  SCV  
  109  14:31  Marine x2, Marauder  
  107  14:43  Liberator  
  107  14:50  SCV  
  107  14:51  SCV x2  
  110  14:56  Advanced Ballistics  
  110  14:58  Medivac x2  
  116  15:10  Liberator  
  111  15:15  Marine  
  111  15:16  Marine, Marauder x2  
  112  15:27  Marine x2, Marauder  
  119  15:31  SCV x2  
  119  15:33  Marine x2  
  121  15:37  Marauder x2  
  117  15:45  Marine x2  
  117  15:49  Marauder  
  107  15:56  Marine x2  
  89  15:59  Marauder x2  
  89  16:03  Marine  
  78  16:07  Marine  
  78  16:10  Marauder  
  63  16:14  Marine  
  60  16:19  SCV x2  
  60  16:20  Marauder  
  64  16:31  Liberator x2  
  64  16:32  Planetary Fortress  
  64  16:37  Liberator x2  
  64  16:39  Sensor Tower  
  70  16:59  Marine, Marauder  
  75  17:01  Marine x2  
  75  17:02  Marauder  
  72  17:09  Marine  
  72  17:10  Marauder  
  75  17:17  Marine  
  75  17:19  Marine  
  75  17:21  Marauder  
  78  17:27  Marine x2  
  78  17:28  Marauder  
  72  17:31  Marauder  
  72  17:34  Marine  
  58  17:37  Marine  
  58  17:42  Marauder  
  55  17:45  Marine x2  
  55  17:49  Marauder  
  57  17:52  Marine  
  57  17:58  SCV x2  
  60  18:04  Marauder  
  62  18:11  SCV x3  
  65  18:15  Medivac x2  
  69  18:28  Marine x2, Marauder x2  
  75  18:36  Sensor Tower  
  75  18:45  Marine  
  75  18:46  Marine x3, Marauder  
  63  18:49  Marauder  
  63  18:50  Marauder  
  56  18:59  SCV  
Show
View Real Time Build Order
Export as new Build Order

NORTHAMERICA Protoss - Winner!

Build Orders: Oracle Opening 

Get SALT Encoding   

  12  0:01  Probe  
  13  0:13  Probe  
  14  0:19  Pylon  
  14  0:25  Probe  
  15  0:35  Probe  
  15  0:38  Gateway  
  16  0:43  Probe  
  16  0:49  Assimilator  
  17  0:51  Probe  
  18  1:03  Probe  
  19  1:16  Probe  
  20  1:28  Assimilator, Probe  
  20  1:29  Cybernetics Core  
  21  1:36  Pylon  
  21  1:38  Zealot  
  23  1:53  Pylon  
  23  1:54  Probe  
  23  1:56  Stalker  
  24  2:06  Probe  
  27  2:18  Probe  
  28  2:30  Probe  
  28  2:34  Stargate  
  29  2:43  Probe  
  30  2:48  Nexus  
  30  2:53  Pylon  
  30  2:56  Warp Gate  
  30  3:04  Stalker  
  32  3:08  Oracle  
  32  3:15  Shield Battery  
  35  3:33  Gateway  
  35  3:35  Oracle  
  35  3:37  Gateway  
  38  3:48  Probe  
  38  4:00  Probe  
  38  4:02  Probe  
  40  4:04  Phoenix  
  40  4:12  Probe  
  40  4:14  Probe  
  44  4:20  Probe  
  45  4:26  Probe  
  45  4:28  Probe  
  45  4:29  Phoenix  
  49  4:43  Probe  
  49  4:44  Probe  
  46  4:53  Twilight Council  
  46  4:55  Shield Battery, Probe  
  46  4:56  Probe  
  48  5:03  Probe  
  48  5:05  Blink  
  48  5:07  Assimilator  
  48  5:08  Probe  
  48  5:11  Probe  
  50  5:20  Probe  
  52  5:21  Nexus, Probe  
  52  5:24  Pylon  
  53  5:32  Probe  
  53  5:33  Probe  
  55  5:38  Sentry  
  57  5:44  Probe  
  57  5:47  Probe  
  59  5:51  Forge  
  59  5:52  Gateway  
  59  5:53  Gateway  
  59  5:59  Gateway  
  59  6:08  Stalker  
  59  6:09  Stalker  
  62  6:13  Protoss Ground Weapons Level 1  
  62  6:17  Probe x2  
  62  6:32  Gateway  
  62  6:35  Probe  
  62  6:37  Probe  
  64  6:43  Probe  
  64  6:44  Robotics Facility  
  64  6:46  Shield Battery  
  65  6:47  Sentry  
  65  6:51  Stalker  
  69  6:56  Probe  
  69  6:58  Stalker  
  69  6:59  Stalker  
  74  7:02  Probe  
  74  7:04  Stalker  
  74  7:08  Probe  
  78  7:12  Probe  
  78  7:13  Pylon  
  79  7:21  Probe  
  80  7:23  Probe  
  80  7:28  Stalker  
  80  7:29  Stalker  
  85  7:31  Immortal  
  85  7:32  Pylon  
  85  7:33  Pylon  
  85  7:35  Pylon  
  85  7:38  Probe  
  85  7:41  Shield Battery  
  90  7:49  Robotics Bay  
  90  7:52  Assimilator  
  90  7:53  Probe  
  90  7:55  Assimilator  
  91  8:04  Stalker  
  91  8:05  Adept x4  
  101  8:14  Pylon  
  101  8:15  Pylon  
  101  8:16  Pylon  
  101  8:25  Adept x4  
  101  8:26  Adept x2  
  101  8:30  Disruptor  
  96  8:36  Adept  
  82  8:46  Adept  
  82  8:47  Zealot, Adept  
  82  8:48  Zealot x2  
  81  8:55  Disruptor  
  81  9:02  Stalker  
  83  9:04  Shield Battery  
  83  9:05  Nexus  
  86  9:11  Pylon  
  86  9:20  Stalker x3  
  92  9:25  Zealot  
  92  9:26  Zealot  
  96  9:36  Disruptor  
  82  9:39  Adept  
  82  9:40  Adept  
  82  9:45  Zealot x2  
  86  9:52  Zealot  
  80  9:56  Zealot  
  80  9:59  Stalker  
  78  10:05  Disruptor  
  78  10:06  Stalker x3  
  80  10:13  Shield Battery  
  83  10:24  Assimilator  
  83  10:25  Probe  
  84  10:28  Assimilator  
  84  10:29  Disruptor  
  84  10:32  Adept x3  
  90  10:40  Zealot  
  95  10:47  Adept x3  
  101  10:56  Disruptor  
  90  11:09  Stalker x5  
  94  11:25  Disruptor  
  94  11:30  Nexus  
  95  11:39  Pylon  
  95  11:41  Stalker x2  
  93  11:58  Disruptor  
  93  12:00  Nexus  
  90  12:26  Adept x4  
  96  12:42  Disruptor  
  92  12:46  Stalker  
  92  12:47  Stalker x5  
  105  12:59  Probe  
  105  13:01  Assimilator  
  106  13:07  Assimilator  
  106  13:10  Stalker x2  
  110  13:16  Adept x2  
  110  13:19  Adept  
  116  13:23  Stalker  
  116  13:26  Disruptor  
  111  13:50  Adept x4  
  111  13:51  Adept x2  
  121  14:01  Disruptor  
  110  14:14  Stalker x3  
  110  14:15  Stalker x2  
  120  14:21  Nexus  
  120  14:30  Disruptor  
  110  14:53  Stalker x2  
  110  14:54  Stalker x4  
  110  14:59  Disruptor  
  122  15:04  Shield Battery  
  109  15:22  Stalker x3  
  109  15:23  Stalker x2  
  109  15:26  Disruptor  
  103  16:00  Disruptor  
  103  16:02  Adept x5  
  103  16:03  Adept  
  93  16:26  Stalker x4  
  93  16:27  Stalker x2  
  93  16:31  Disruptor  
  105  16:34  Dark Shrine  
  108  16:50  Adept x3  
  106  17:02  Disruptor  
  100  17:08  Stalker x2  
  100  17:09  Stalker  
  100  17:14  Probe  
  108  17:17  Assimilator  
  104  17:32  Adept x2  
  104  17:33  Adept x4  
  96  17:46  Disruptor  
  90  17:54  Stalker x2  
  90  17:55  Stalker x4  
  105  18:09  Disruptor  
  105  18:13  Dark Templar, Robotics Facility  
  105  18:15  Dark Templar  
  109  18:20  Adept  
  109  18:21  Adept  
  116  18:31  Stalker x2  
  120  18:41  Disruptor  
Tags
 
Add a new tag
Caveats
  • Supply blocks, unpowered buildings, or Contaminate may cause inaccurate times.
  • Supply counts are checked every 10 seconds.